 Dungeon Crawl Stone Soup version 0.31-a0-188-g5e087ee2ca (webtiles) character file.

Game seed: 16559361866164340743

164 qw the Skirmisher (level 5, 0/29 HPs)
             Began as a Deep Elf Hunter on June 22, 2023.
             Slain by an orc
             ... wielding a +0 hand axe
              (6 damage)
             ... on level 3 of the Dungeon.
             The game lasted 00:00:49 (2305 turns).

qw the Skirmisher (Deep Elf Hunter)                 Turns: 2305, Time: 00:00:50

Health: 0/29       AC:  7    Str: 10    XL:     5   Next: 21%
Magic:  7/7        EV: 11    Int: 14    God:
Gold:   138        SH:  0    Dex: 18    Spells: 4/4 levels left

rFire   . . .        Y - +0 shortbow
rCold   . . .        (shield currently unavailable)
rNeg    . . .        l - +0 ring mail
rPois   +            c - +0 helmet
rElec   .            (no cloak)
rCorr   +            i - +0 pair of gloves
SInv    .            (no boots)
Will    .....        b - amulet of faith
Stlth   +            e - ring of resist corrosion
HPRegen 0.24/turn    j - ring of poison resistance
MPRegen 0.10/turn

%: faith
@: no status effects
A: no striking features
a: no special abilities


You were on level 3 of the Dungeon.
You visited 1 branch of the dungeon, and saw 3 of its levels.

You collected 138 gold pieces.


   Skills:
 - Level 1.5 Fighting
 + Level 8.7 Ranged Weapons
 - Level 2.4 Dodging
 - Level 1.2 Stealth


You had 4 spell levels left.
You didn't know any spells.
Your spell library was empty.

Inventory:

Hand Weapons
 Y - a +0 shortbow (weapon)
Armour
 c - a +0 helmet (worn)
 i - a +0 pair of gloves (worn)
 l - a +0 ring mail (worn)
Jewellery
 b - an amulet of faith (around neck)
 e - a ring of resist corrosion (left hand)
 j - a ring of poison resistance (right hand)
Scrolls
 a - a scroll of identify
 m - a scroll of revelation {unknown}
Potions
 d - 2 potions of mutation {unknown}
 f - a potion of degeneration {unknown}
 g - a potion of brilliance {unknown}
 h - a potion of enlightenment
 k - a potion of invisibility {unknown}

Dungeon Overview and Level Annotations

Branches:
Dungeon (3/15)

Altars:
Nemelex Xobeh

Shops:
D:1 ?   D:2 :

Annotations:
D:2 1 runed translucent door, Crazy Yiuf


Message History

You shoot an arrow. The arrow hits the orc priest.
The orc priest is almost dead.
The orc priest looks encouraged for a moment.
You shoot an arrow.
The arrow closely misses the orc priest.
You shoot an arrow.
The arrow closely misses the orc priest.
The endoplasm freezes you.
You are frozen.
The orc priest hits you with a +0 dagger.
You shoot an arrow. The arrow barely misses the orc priest.
The endoplasm barely misses you.
The orc priest hits you but does no damage.
You shoot an arrow. The arrow hits the orc priest.
The orc priest is almost dead.
The endoplasm hits you but does no damage.
The orc priest looks satisfied for a moment.
The endoplasm freezes you.
You are frozen.
The orc priest invokes the aid of Beogh against you.
Pain shoots through your body!
You shoot an arrow. The arrow hits the orc priest.
You kill the orc priest!
The endoplasm hits you.
You have reached level 5!
You shoot an arrow. The arrow hits the orc.
The orc is heavily wounded.
The orc barely misses you. The endoplasm barely misses you.
You shoot an arrow. The arrow hits the orc.
You kill the orc!
The endoplasm hits you but does no damage.
You shoot an arrow.
The arrow hits the orc but does no damage.
The endoplasm hits you but does no damage.
The orc hits you with a +0 hand axe.
You shoot an arrow.
The arrow hits the orc but does no damage.
The endoplasm hits you but does no damage.
The orc hits you with a +0 hand axe.
You die...

#.# #.# #.# #
..#.# #.# #. #.#.#
#.# #.. #.#.# #.#
#... #.#.# #.#
#.... #.#.####.#
......###.#.#....#
.....oJ@..#.#.####
......o..........#
..#.#######.#...##
$. ..........# .
###.######## #.#
#.# #.# #.#


You could see 2 orcs and an endoplasm.

Vanquished Creatures
  An orc priest (D:3)
  Robin (D:2)
  5 adders (D:2)
  3 worms (D:2)
  A dart slug (D:2)
  2 orcs (D:3)
  4 bats
  3 endoplasms
  A giant cockroach (D:2)
  14 goblins
  9 hobgoblins
  4 jackals (D:1)
  A quokka (D:1)
  6 ball pythons
  2 frilled lizards (D:1)
  3 kobolds
  8 rats
68 creatures vanquished.

Notes
Turn   | Place    | Note
-------+----------+-------------------------------------------
     0 | D:1      | qw the Deep Elf Hunter began the quest for the Orb.
     0 | D:1      | Reached XP level 1. HP: 12/12 MP: 3/3
     0 | D:1      | 0 ||| qw: Version: 0.3-a-9-g12657ce
     0 | D:1      | 0 ||| qw: Game counter: 2753
     0 | D:1      | 0 ||| qw: Always use a shield: true
     0 | D:1      | 0 ||| qw: God list: Okawaru
     0 | D:1      | 0 ||| qw: Allow faded altars: false
     0 | D:1      | 0 ||| qw: Do Orc after D:15 true
     0 | D:1      | 0 ||| qw: Do second Lair branch before Depths: true
     0 | D:1      | 0 ||| qw: Lair rune preference: random
     0 | D:1      | 0 ||| qw: Plans: Normal
     0 | D:1      | 0 ||| PLANNING D:1-11
     4 | D:1      | 4 ||| Stepping ~*~*~tactically~*~*~ (water).
   136 | D:1      | Reached XP level 2. HP: 16/16 MP: 4/4
   200 | D:1      | Found Lulavuf's Magic Scroll Shoppe.
   204 | D:1      | Reached skill level 6 in Ranged Weapons
   211 | D:1      | 211 ||| SHOPLISTING 2 scrolls of identify (40 gold, have
                  | 8).
   211 | D:1      | 211 ||| SHOPLISTING scroll of brand weapon (95 gold, have
                  | 8).
   211 | D:1      | 211 ||| SHOPLISTING scroll of identify (20 gold, have 8).
   211 | D:1      | 211 ||| SHOPLISTING scroll of teleportation (30 gold, have
                  | 8).
   753 | D:1      | Reached XP level 3. HP: 20/20 MP: 5/5
   836 | D:1      | 836 ||| UPGRADING to +0 scale mail.
   846 | D:1      | 846 ||| DROPPING +0 leather armour.
   847 | D:1      | 847 ||| UPGRADING to +0 ring mail.
   857 | D:1      | 857 ||| DROPPING +0 scale mail.
   858 | D:1      | 858 ||| UPGRADING to ring of resist corrosion.
   859 | D:1      | 859 ||| READING 2 scrolls labelled FAONAE UGA YMEKLA.
   860 | D:1      | 860 ||| READING scroll labelled TIDYDD WIAVIV.
   864 | D:1      | 864 ||| READING scroll labelled XAYFUH NYIRUR.
   865 | D:1      | 865 ||| DRINKING 2 grey potions.
   866 | D:1      | 866 ||| DROPPING scroll of butterflies.
   946 | D:2      | Reached skill level 7 in Ranged Weapons
   970 | D:2      | 970 ||| FLEEEEING.
   971 | D:2      | 971 ||| FLEEEEING.
   972 | D:2      | 972 ||| FLEEEEING.
   973 | D:2      | 973 ||| FLEEEEING.
  1088 | D:2      | Found a runed translucent door.
  1089 | D:2      | Noticed Crazy Yiuf
  1205 | D:2      | Noticed Robin
  1210 | D:2      | Killed Robin
  1211 | D:2      | Reached XP level 4. HP: 25/25 MP: 6/6
  1464 | D:2      | Reached skill level 8 in Ranged Weapons
  1741 | D:2      | Found Muypon's Book Boutique.
  1749 | D:2      | 1749 ||| UPGRADING to +0 helmet.
  1754 | D:2      | 1754 ||| UPGRADING to +0 pair of gloves.
  2124 | D:2      | 2124 ||| UPGRADING to amulet of faith.
  2129 | D:2      | 2129 ||| UPGRADING to ring of poison resistance.
  2164 | D:3      | Found a sparkling altar of Nemelex Xobeh.
  2302 | D:3      | Reached XP level 5. HP: 9/29 MP: 7/7
  2304 | D:3      | HP: 6/29 [orc/+0 hand axe (4)]
  2305 | D:3      | Slain by an orc

Levels and vault maps discovered:
D:1:      dpeg_arrival_subterranean_lakeside_camping, layout_basic,
          serial_shops, nicolae_shop_tiny_waterfront, minmay_3d_cube
D:2:      kb_forest_paths, layout_basic, serial_shops,
          nicolae_book_shop_shelving, uniq_robin, uniq_crazy_yiuf_cottage
D:3:      layout_basic, trog_wizard, mainiacjoe_overflow_small_starburst,
          minmay_misc_feat_more_columns, minmay_fractal_squares_gapless_5,
          uniq_sigmund, uniq_grinder

Skill      XL: |  1  2  3  4 |
---------------+-------------+-----
Ranged Weapons | 6 7 8 |  8.7
Fighting       | |  1.5
Dodging        | |  2.4
Stealth        | |  1.2

Action                     |  1- 3 |  4- 6 || total
---------------------------+-------+-------++-------
   Fire: Shortbow          |   104 |    79 ||   183
    Use: Scroll            |     3 |       ||     3
         Potion            |     1 |       ||     1
 Armour: Leather armour    |     2 |       ||     2
         Ring mail         |     5 |    13 ||    18
  Dodge: Dodged            |    22 |    15 ||    37

Table legend:
 A = Non-vault XP
 B = Vault XP
 C = Vault XP percentage of total XP
 D = Non-vault monster count
 E = Vault monster count
 F = Vault count percentage of total count
                 A         B        C        D         E       F
            +---------+---------+-------+---------+---------+-------
      Total |     156 |      79 |  33.6 |      45 |      23 |  33.8
            +---------+---------+-------+---------+---------+-------
        D:1 |      29 |      13 |  31.0 |      18 |       8 |  30.8
        D:2 |      77 |      66 |  46.2 |      22 |      15 |  40.5
        D:3 |      50 |       0 |   0.0 |       5 |       0 |   0.0
            +---------+---------+-------+---------+---------+-------
